 Dungeon Crawl Stone Soup version 0.20.1-1-g8b1a95d (console) character file.

58 hilaritas the Chiller (level 3, -1/14 HPs)
             Began as a Felid Ice Elementalist on Nov 26, 2017.
             Slain by a worm (7 damage)
             ... on level 3 of the Dungeon.
             The game lasted 00:05:04 (2213 turns).

hilaritas the Chiller (Felid Ice Elementalist)      Turns: 2213, Time: 00:05:04

Health: -1/14      AC:  1    Str:  4    XL:     3   Next: 75%
Magic:  0/7        EV: 18    Int: 17    God:
Gold:   133        SH:  0    Dex: 16    Spells: 0/6 levels left
                                        Lives:  0   Deaths: 0

rFire    . . .     SeeInvis +   (weapon unavailable)
rCold    . . .     Gourm    .   (shield unavailable)
rNeg     . . .     Faith    .   (armour unavailable)
rPois    .         Spirit   .   (helmet unavailable)
rElec    .         Reflect  .   (cloak unavailable)
rCorr    .         Harm     .   (gloves unavailable)
MR       .....                  (boots unavailable)
Stlth    +++.......             (no amulet)
Regen    0.1/turn               (no ring)
MPRegen  0.1/turn               (no ring)

@: very slightly contaminated, quick
A: no armour, no weapons or thrown items, stealth, claws 1, fangs 3, see
invisible, carnivore 3, speed 1, shaggy fur 1, slow metabolism 1, sharp paws
a: no special abilities


You were on level 3 of the Dungeon.
You were very full.

You visited 1 branch of the dungeon, and saw 3 of its levels.

You collected 133 gold pieces.

Inventory:

Jewellery
 m - a +6 amulet of reflection {unknown}
Scrolls
 e - a scroll of teleportation {unknown}
 h - a scroll of remove curse {unknown}
 i - a scroll of magic mapping {unknown}
 j - 2 scrolls of identify {unknown}
 l - a scroll of random uselessness {unknown}
Potions
 c - a potion of cancellation {unknown}
 d - a potion of brilliance {unknown}
 f - 2 potions of curing {unknown}
 g - a potion of lignification {unknown}
 k - a potion of agility {unknown}
Books
 a - a book of Frost

   Spells                             Type                      Level
   a - Freeze                         Ice                          1
   b - Throw Frost                    Conjuration/Ice              2
   c - Ozocubu's Armour               Charms/Ice                   3
   d - Throw Icicle                   Conjuration/Ice              4
   e - Summon Ice Beast               Ice/Summoning                4
Comestibles
 b - 2 meat rations
 n - a royal jelly


   Skills:
 - Level 2.6 Dodging
 - Level 2.6 Stealth
 - Level 2.0 Spellcasting
 * Level 1.1 Conjurations
 + Level 4.2 Ice Magic


You couldn't memorise any spells.
You knew the following spells:

 Your Spells              Type           Power        Failure   Level  Hunger
a - Freeze                Ice            ###.         3%          1    #......
b - Throw Frost           Conj/Ice       ##....       10%         2    ###....
c - Ozocubu's Armour      Chrm/Ice       #.......     24%         3    ###....


Dungeon Overview and Level Annotations

Branches:
Dungeon (3/15)

Altars:
Ashenzari
Okawaru
Ru
Yredelemnul
Zin


Innate Abilities, Weirdness & Mutations

You cannot wear armour.
You are incapable of wielding weapons or throwing items.
Your paws allow you to move quietly. (Stealth)
You have sharp claws.
You have razor-sharp teeth.
You have supernaturally acute eyesight. (SInv)
You are carnivorous and can eat meat at any time.
You cover ground quickly.
You are covered in fur. (AC +1)
You have a slow metabolism.
Your sharp claws are effective at attacking unaware monsters.


Message History

Aiming: Throw Frost
Press: ? - help, Shift-Dir - straight line, f/p - worm
Aim: a worm (moderately wounded)
The puff of frost hits the worm.
The worm is severely wounded.
The rat closely misses you.
Casting: Throw Frost
Confirm with . or Enter, or press ? or * to list all spells.
You don't have enough magic to cast that spell.
You can't grasp things well enough to throw them.
Casting: Throw Frost
Confirm with . or Enter, or press ? or * to list all spells.
Aiming: Freeze
Press: ? - help, Shift-Dir - straight line, f/p - worm
Aim: a worm (severely wounded)
You miscast Freeze.
You are very lightly contaminated with residual magic.
You shiver with cold.
The worm bites you!
Ouch! That really hurt!
You die...

#.. #..######
.##..#.....
..........
.........##
..........###.#
#....r.....#
#...@w.#
#.#...## ##.##
###


You could see a worm and a rat.

Vanquished Creatures
  2 adders (D:2)
  An ooze (D:1)
  A worm (D:2)
  4 bats (D:1)
  A giant cockroach (D:1)
  3 goblins
  3 hobgoblins
  4 jackals (D:1)
  7 kobolds
  A ball python (D:1)
  A frilled lizard (D:2)
  5 rats
33 creatures vanquished.

Notes
Turn   | Place    | Note
-------+----------+-------------------------------------------
     0 | D:1      | hilaritas the Felid Ice Elementalist began the quest for the Orb.
     0 | D:1      | Reached XP level 1. HP: 7/7 MP: 4/4
   123 | D:1      | Reached skill level 3 in Ice Magic
   234 | D:1      | Reached XP level 2. HP: 8/11 MP: 4/6
   257 | D:1      | Learned a level 2 spell: Throw Frost
   524 | D:1      | Reached skill level 1 in Conjurations
  1129 | D:2      | Reached XP level 3. HP: 14/14 MP: 4/7
  1162 | D:2      | Learned a level 3 spell: Ozocubu's Armour
  1221 | D:2      | Found a sacrificial altar of Ru.
  1225 | D:2      | Found an iron altar of Okawaru.
  1225 | D:2      | Found a basalt altar of Yredelemnul.
  1238 | D:2      | Found a shattered altar of Ashenzari.
  1242 | D:2      | Found a glowing silver altar of Zin.
  1968 | D:2      | Reached skill level 4 in Ice Magic
  2213 | D:3      | Slain by a worm

Skill      XL: |  1  2  3 |
---------------+----------+-----
Ice Magic      | 3 4 |  4.2
Conjurations   | 1 |  1.1
Dodging        | |  2.6
Stealth        | |  2.6
Spellcasting   | |  2.0

Action                   || total
-------------------------++-------
Melee: Unarmed           ||     4
 Cast: Freeze            ||    46
       Throw Frost       ||    10
  Eat: Chunk             ||     9
Armor: Skin              ||     2
Dodge: Dodged            ||    29
